 Dungeon Crawl Stone Soup version 0.22.0-13-g43fe8f24b8 (webtiles) character file.

39 RedPan the Chiller (level 3, -3/14 HPs)
             Began as a Felid Ice Elementalist on Aug 16, 2018.
             Slain by an orc wizard
             ... wielding a +0 dagger
              (5 damage)
             ... on level 2 of the Dungeon.
             The game lasted 00:02:17 (1821 turns).

RedPan the Chiller (Felid Ice Elementalist)         Turns: 1821, Time: 00:02:18

Health: -3/14      AC:  1    Str:  4    XL:     3   Next: 26%
Magic:  4/8        EV: 18    Int: 17    God:
Gold:   78         SH:  0    Dex: 16    Spells: 4/7 levels left
                                        Lives:  0   Deaths: 0

rFire    . . .     SeeInvis +   (weapon unavailable)
rCold    . . .     Gourm    .   (shield unavailable)
rNeg     . . .     Faith    .   (armour unavailable)
rPois    .         Spirit   .   (helmet unavailable)
rElec    .         Reflect  .   (cloak unavailable)
rCorr    .         Harm     .   (gloves unavailable)
MR       .....                  (boots unavailable)
Stlth    +++.......             (no amulet)
HPRegen  0.04/turn              (no ring)
MPRegen  0.11/turn              (no ring)

@: quick
A: very small, no armour, no weapons or thrown items, stealth, claws 1, fangs 3,
see invisible, carnivore, speed 1, shaggy fur 1, slow metabolism 1, sharp paws
a: no special abilities


You were on level 2 of the Dungeon.
You were very full.

You visited 1 branch of the dungeon, and saw 2 of its levels.

You collected 78 gold pieces.

Inventory:

Potions
 c - a potion of agility
 f - a potion of magic {unknown}
Comestibles
 b - a ration


   Skills:
 - Level 2.6 Dodging
 - Level 2.6 Stealth
 + Level 2.6 Spellcasting
 + Level 1.4 Conjurations
 + Level 3.2 Ice Magic


You had 4 spell levels left.
You knew the following spells:

 Your Spells              Type           Power        Failure   Level  Hunger
a - Freeze                Ice            ##..         4%          1    #......
b - Throw Frost           Conj/Ice       ##....       11%         2    ##.....

Your spell library contained the following spells:

 Spells                   Type           Power        Failure   Level  Hunger
 Summon Ice Beast         Ice/Summ       #.......     67%         4    #####..
 Ozocubu's Armour         Chrm/Ice       #.......     28%         3    ###....
 Throw Icicle             Conj/Ice       ##......     56%         4    #####..


Dungeon Overview and Level Annotations

Branches:
Dungeon (2/15)

Altars:


Innate Abilities, Weirdness & Mutations

You cannot wear armour.
You are incapable of wielding weapons or throwing items.
Your paws allow you to move quietly. (Stealth)
You have sharp claws.
You have razor-sharp teeth.
You have supernaturally acute eyesight. (SInv)
You are carnivorous and can eat meat at any time.
You cover ground quickly.
You are covered in fur. (AC +1)
You have a slow metabolism.
Your sharp claws are effective at attacking unaware monsters.


Message History

The bat barely misses you. The bat hits you. The bat completely misses you.
The bat hits you. x2
You scratch the bat.
You kill the bat!
The orc wizard casts a spell at you. The magic dart hits you!
Ouch! That really hurt!
* * * LOW HITPOINT WARNING * * *
Casting: Freeze (safe; 4% risk of failure)
Confirm with . or Enter, or press ? or * to list all spells.
Aiming: Throw Frost (safe; 11% risk of failure)
Press: ? - help, Shift-Dir - straight line, f - orc wizard
Aim: an orc wizard, wielding a dagger and wearing a robe The puff of frost hits the orc wizard.
The orc wizard is lightly wounded.
You barely miss the orc wizard.
The orc wizard is lightly wounded.
The orc wizard hits you with a dagger.
You die...

......... .
........######## ..
................ ...
..............## ....
...............# ...♣.
...............#####.....#
................@o)...♣
.......).......#######.#
........>......#
<..............#
#.............##
##.....#.....##
#############


You could see an orc wizard.

Vanquished Creatures
  2 dart slugs (D:1)
  An orc (D:2)
  A ball python (D:1)
  3 hobgoblins (D:1)
  3 jackals (D:1)
  7 bats
  4 frilled lizards
  5 goblins (D:1)
  2 kobolds (D:1)
  4 rats
32 creatures vanquished.

Notes
Turn   | Place    | Note
-------+----------+-------------------------------------------
     0 | D:1      | RedPan the Felid Ice Elementalist began the quest for the Orb.
     0 | D:1      | Reached XP level 1. HP: 7/7 MP: 4/4
   694 | D:1      | Reached skill level 3 in Ice Magic
   730 | D:1      | Reached XP level 2. HP: 11/11 MP: 4/6
   815 | D:1      | Learned a level 2 spell: Throw Frost
   906 | D:1      | Reached skill level 1 in Conjurations
  1392 | D:1      | Reached XP level 3. HP: 14/14 MP: 4/7
  1821 | D:2      | Slain by an orc wizard

Skill      XL: |  1  2 |
---------------+-------+-----
Ice Magic      | 3 |  3.2
Conjurations   | 1 |  1.4
Dodging        | |  2.6
Stealth        | |  2.6
Spellcasting   | |  2.6

Action                   || total
-------------------------++-------
Melee: Unarmed           ||    24
       Bite              ||     2
 Cast: Freeze            ||    28
       Throw Frost       ||    15
  Use: Scroll            ||     3
  Eat: Chunk             ||    10
Armor: Skin              ||     6
Dodge: Dodged            ||    36
